 Dungeon Crawl Stone Soup version 0.29.1-1-gd02db6906a (webtiles) character file.

Game seed: 3718852010889187975

868 Godmorgon the Magician (level 8, -7/58 HPs)
             Began as a Djinni Ice Elementalist on Oct 5, 2022.
             Was an Initiate of Makhleb.
             Killed from afar by a white imp (13 damage)
             ... with a puff of frost
             ... on level 6 of the Dungeon.
             The game lasted 00:32:12 (5568 turns).

Godmorgon the Magician (Djinni Ice Elementalist)    Turns: 5568, Time: 00:32:12

Health: -7/58      AC: 15    Str:  7    XL:     8   Next: 23%
Gold:   43         EV: 12    Int: 19    God:    Makhleb [......] SH:  0 Dex: 14

rFire   + + .      SeeInvis +   a - +8 spear "Yczitis" {holy, rElec rPois}
rCold   x . .      Faith    .   (no shield)
rNeg    . . .      Spirit   .   c - +0 robe
rPois   ∞          Reflect  .   i - +1 helmet {SInv}
rElec   +          Harm     .   (no cloak)
rCorr   .          Rampage  .   (no gloves)
Will    .....                   (boots unavailable)
Stlth   ++........              (no amulet)
HPRegen 0.19/turn               s - +4 ring of protection {=R}
MPRegen 0.00/turn               (no ring)

@: ice-armoured, flying
A: sickness immunity, fire resistance 2, cold vulnerability 1, float, innate
caster, HP casting, extra vitality 1
a: Renounce Religion


You were on level 6 of the Dungeon.
You worshipped Makhleb.
Makhleb was noncommittal.
You visited 2 branches of the dungeon, and saw 7 of its levels.

You collected 208 gold pieces.
You spent 165 gold pieces at shops.

Inventory:

Hand Weapons
 a - the +8 spear "Yczitis" (weapon) {holy, rElec rPois}
   (You found it on level 3 of the Dungeon)

   It has been blessed by the Shining One to cause great damage to the undead
   and demons.
   rElec:     It insulates you from electricity.
   rPois:     It protects you from poison.
 b - a +1 dagger of venom
Missiles
 n - 4 poisoned darts (quivered)
Armour
 c - a +0 robe (worn)
 i - a +1 helmet of see invisible (worn)
Jewellery
 s - a +4 ring of protection (left hand) {=R}
Wands
 q - a wand of mindburst (20)
 w - a wand of charming (22)
Scrolls
 e - 2 scrolls of fear
 f - a scroll of magic mapping
 k - a scroll of silence {unknown}
 m - 5 scrolls of teleportation
 u - a scroll of vulnerability
 v - 2 scrolls of immolation
 x - a scroll of summoning {unknown}
 y - a scroll of fog
 z - 2 scrolls of identify
Potions
 d - a potion of attraction
 g - a potion of ambrosia
 h - a potion of heal wounds {unknown}
 j - a potion of cancellation {unknown}
 l - a potion of berserk rage {unknown}
 o - a potion of brilliance {unknown}
 p - 4 potions of curing
 r - 2 potions of flight {unknown}
 t - a potion of magic {unknown}


   Skills:
 + Level 4.7 Fighting
 * Level 0.8 Polearms
 - Level 2.1 Dodging
 - Level 1.5 Stealth
 * Level 6.3 Spellcasting


You had 2 spell levels left.
You knew the following spells:

 Your Spells              Type           Power      Damage    Failure   Level
a - Ozocubu's Armour      Ice            30%        N/A       2%          3
c - Conjure Flame         Conj/Fire      30%        6-21      2%          3
f - Freeze                Ice            100%       1d11      1%          1
h - Hailstorm             Conj/Ice       30%        3d8       8%          4
r - Frozen Ramparts       Ice            60%        1d10      2%          3
B - Beastly Appendage     Tmut           60%        N/A       1%          1
P - Passwall              Tmut/Erth      25%        N/A       1%          2
Your spell library was empty.

Dungeon Overview and Level Annotations

Branches:
Dungeon (6/15)             Temple (1/1) D:4

Altars:
Ashenzari
Cheibriados
Dithmenos
Elyvilon
Fedhas
Gozag
Hepliaklqana
Makhleb
Nemelex Xobeh
Okawaru
Qazlal
Ru
Trog
Uskayaw
Wu Jian
Xom
Yredelemnul
Zin

Shops:
D:1 ?


Innate Abilities, Weirdness & Mutations

You are immune to sickness and miasma.
You are immune to poison.
Your flesh is very heat resistant. (rF++)
You are vulnerable to cold. (rC-)
You float through the air rather than walking.
You learn spells naturally, not from books.
Your magical power is your life essence.
You have superior vitality. (+4 MHP)


Message History

The wall freezes the jelly!
You kill the jelly!
Makhleb accepts your kill.
The orc warrior unwields a +0 broad axe.
The orc warrior wields a +0 sling.
The orc warrior shoots a sling bullet.
The sling bullet barely misses the orc wizard.
The sling bullet hits you!
You hit the orc wizard.
The orc wizard is heavily wounded.
The wall freezes the orc wizard!
You kill the orc wizard!
Makhleb accepts your kill.
The orc warrior shoots a sling bullet.
The sling bullet closely misses you.
Your magical contamination has completely faded away.
Your frozen ramparts will break if you move.
Continue?
The frozen ramparts melt away as you move.
The orc warrior shoots a sling bullet.
The sling bullet closely misses you.
There is an open door here.
A white imp comes into view.
The white imp moves out of view.
You reach down and close the door.
The white imp gestures at you. The puff of frost hits you!
You feel a terrible chill!
Something unseen opens the door.
Casting: Frozen Ramparts (dangerous; 2% risk of failure)
Confirm with . or Enter, or press ? or * to list all spells.
A film of ice covers your body!
The white imp shouts, "Go and return not, thou fawning idle-headed mish-mash!"
The white imp gestures at you. The puff of frost hits you!
You feel a terrible chill!
* * * LOW HITPOINT WARNING * * *
Your icy armour will break if you move.
Continue?
Your icy armour cracks and falls away as you move.
Casting: Ozocubu's Armour (dangerous; 2% risk of failure)
Confirm with . or Enter, or press ? or * to list all spells.
A film of ice covers your body!
* * * LOW HITPOINT WARNING * * *
The white imp gestures at you. The puff of frost hits you!
You feel a terrible chill!
You die...

#.# #.# #.# .... #.#
.... #.# . #.....#.#
.#.#### #.....#.#
.#....# #.....#@#
......#
......#5##......#
................#
#.#..................
#....................
#..........o.........
#....#######'########
#...#..............
#...#..............


You could see an orc warrior and a white imp.

Vanquished Creatures
  An ogre (D:4)
  A necrophage (D:4)
  A scorpion (D:5)
  A jelly (D:6)
  2 gnoll boudas
  3 hounds
  An iguana (D:5)
  Ijyb (D:3)
  6 orc wizards
  9 gnolls
  10 adders
  An ufetubus (D:5)
  A worm (D:3)
  A dart slug (D:3)
  21 orcs
  6 ball pythons
  3 endoplasms
  5 giant cockroaches
  10 goblins
  4 hobgoblins
  2 quokkas
  4 bats
  A frilled lizard (D:1)
  5 kobolds
  4 rats
104 creatures vanquished.

Vanquished Creatures (others)
  3 plants (D:4)
3 creatures vanquished.

Grand Total: 107 creatures vanquished

Notes
Turn   | Place    | Note
-------+----------+-------------------------------------------
     0 | D:1      | Godmorgon the Djinni Ice Elementalist began the quest for
                  | the Orb.
     0 | D:1      | Godmorgon set off with the following spells memorised:
                  | Freeze, Frozen Ramparts, Ozocubu's Armour, Hailstorm.
     0 | D:1      | Reached XP level 1. HP: 15/15 MP: 0/0
   272 | D:1      | Found Zeqay's Magic Scroll Boutique.
   280 | D:1      | Bought a scroll of identify for 22 gold pieces
   534 | D:1      | Reached XP level 2. HP: 20/22 MP: 0/0
  1145 | D:2      | Found a faded altar of an unknown god.
  1152 | D:2      | Reached skill level 1 in Fighting
  1350 | D:2      | Reached XP level 3. HP: 18/27 MP: 0/0
  1350 | D:2      | Learned a level 1 spell: Beastly Appendage
  1904 | D:2      | Reached XP level 4. HP: 29/33 MP: 0/0
  1955 | D:2      | Reached skill level 4 in Spellcasting
  2165 | D:3      | Noticed Ijyb
  2171 | D:3      | Killed Ijyb
  2553 | D:3      | Reached XP level 5. HP: 17/38 MP: 0/0
  2553 | D:3      | Learned a level 2 spell: Passwall
  2758 | D:3      | Identified the +8 spear "Yczitis" {holy, rElec rPois}
  3329 | D:4      | Noticed an ogre
  3346 | D:4      | Killed an ogre
  3347 | D:4      | Reached XP level 6. HP: 14/46 MP: 0/0
  3590 | D:4      | Reached skill level 5 in Spellcasting
  3815 | D:4      | Found a staircase to the Ecumenical Temple.
  3820 | Temple   | Entered the Ecumenical Temple
  4127 | D:4      | Reached XP level 7. HP: 47/50 MP: 0/0
  4127 | D:4      | Learned a level 3 spell: Conjure Flame
  4422 | D:5      | Entered Level 5 of the Dungeon
  4497 | D:5      | Found a white marble altar of Elyvilon.
  4736 | D:1      | Bought a scroll of identify for 22 gold pieces
  4736 | D:1      | Bought a scroll of teleportation for 33 gold pieces
  4736 | D:1      | Bought a scroll of immolation for 44 gold pieces
  4736 | D:1      | Bought a scroll of fog for 44 gold pieces
  4930 | D:5      | Reached skill level 6 in Spellcasting
  4942 | D:5      | Reached XP level 8. HP: 44/58 MP: 0/0
  5072 | D:5      | Found a burning altar of Makhleb.
  5082 | D:5      | Became a worshipper of Makhleb the Destroyer
  5568 | D:6      | Killed from afar by a white imp

Illustrated notes

Levels and vault maps discovered:
D:1:      amcnicky_arrival_feature_with_door, layout_loops_cross, serial_shops,
          shop
D:2:      layout_basic, ebering_ecumenical_altar_mist
D:3:      layout_loops_ring, uniq_ijyb
D:4:      layout_rooms, minmay_temple_entry_gardened_gates, serial_bayou_pond_b
D:5:      layout_basic, mainiacjoe_overflow_concentric_impassable,
          elyvilon_altar_1
D:6:      layout_basic, minmay_misc_feat_room
Temple:   compressed_dpeg_triangle_lava_temple

Skill      XL: |  1  2  3  4  5  6  7 |
---------------+----------------------+-----
Fighting       | 1 2 3 4 |  4.7
Spellcasting   | 4 5 6 |  6.3
Polearms       | |  0.8
Dodging        | |  2.1
Stealth        | |  1.5

Action                   |  1- 3 |  4- 6 |  7- 9 || total
-------------------------+-------+-------+-------++-------
Melee: Spear             |    16 |    70 |    66 ||   152
       Flail             |     3 |       |       ||     3
       Punch             |     1 |     1 |     1 ||     3
       Dagger            |       |     4 |       ||     4
Throw: Dart              |       |     1 |     5 ||     6
 Cast: Freeze            |    37 |    20 |       ||    57
       Frozen Ramparts   |       |     7 |    11 ||    18
       Ozocubu's Armour  |       |     3 |     5 ||     8
       Conjure Flame     |       |       |     1 ||     1
  Use: Scroll            |     5 |     2 |     2 ||     9
       Potion            |       |     2 |       ||     2
 Stab: Sleeping          |     1 |     2 |     2 ||     5
Armor: Robe              |     9 |    21 |    18 ||    48
Dodge: Dodged            |    28 |    46 |    37 ||   111
